 Dungeon Crawl Stone Soup version 0.17-a0-2098-gf59d6bc (webtiles) character file.

121 septik the Magician (level 4, 0/30 HPs)
             Began as a Mummy Wizard on Oct 17, 2015.
             Was an Initiate of Sif Muna.
             Killed from afar by an orc wizard (10 damage)
             ... with a puff of flame
             ... on level 3 of the Dungeon.
             The game lasted 00:12:09 (3553 turns).

septik the Magician (Mummy Wizard)                  Turns: 3553, Time: 00:12:09

Health: 0/30       AC:  2    Str: 10    XL:     4   Next: 77%
Magic:  7/18       EV: 12    Int: 18    God:    Sif Muna [......]
Gold:   176        SH:  0    Dex: 10    Spells: 2 memorised, 7 levels left

rFire  x . .     SeeInvis .     f - +0 short sword
rCold  + . .     Clarity  .     a - +0 robe
rNeg   + + +     SustAt   .     (no shield)
rPois  ∞         Gourm    .     b - +0 hat
rElec  .         Spirit   .     (no cloak)
rCorr  .         Warding  .     (no gloves)
rMut   .         Stasis   .     (no boots)
MR     .....                    (no amulet)
Stlth  ++........               (no ring)
                                i - ring of magical power

@: not resistant to hostile enchantments, unstealthy
A: no food or potions, fire vulnerability, cold resistance 1, negative energy
resistance 3, torment resistance, unbreathing
a: Renounce Religion


You were on level 3 of the Dungeon.
You worshipped Sif Muna.
Sif Muna was noncommittal.
You were not hungry.

You visited 1 branch of the dungeon, and saw 3 of its levels.

You collected 176 gold pieces.

Inventory:

Hand Weapons
 f - a +0 short sword (weapon)
Armour
 a - a +0 robe (worn)
 b - a +0 hat (worn)
Jewellery
 i - a ring of magical power (left hand)
Scrolls
 d - 2 scrolls of fog {unknown}
 e - 2 scrolls of identify {unknown}
 g - 2 scrolls of magic mapping {unknown}
 h - a scroll of immolation {unknown}
Books
 c - a book of Minor Magic

   Spells                             Type                      Level
   a - Magic Dart                     Conjuration                  1
   b - Blink                          Translocation                2
   c - Call Imp                       Summoning                    2
   d - Repel Missiles                 Charms/Air                   2
   e - Slow                           Hexes                        2
   f - Conjure Flame                  Conjuration/Fire             3
   g - Mephitic Cloud                 Conjuration/Poison/Air       3


   Skills:
 - Level 1.5 Dodging
 - Level 1.5 Stealth
 - Level 3.5 Spellcasting
 - Level 0.7 Conjurations
 * Level 3.3 Summonings
   Level 0.7 Translocations


You had 7 spell levels left.
You knew the following spells:

 Your Spells              Type           Power        Failure   Level  Hunger
a - Magic Dart            Conj           #...         12%         1    N/A
b - Call Imp              Summ           ###.....     8%          2    N/A

Dungeon Overview and Level Annotations

Branches:
Dungeon (3/15)

Altars:
Elyvilon
Sif Muna


Innate Abilities, Weirdness & Mutations

You do not eat or drink.
Your flesh is vulnerable to fire.
You are immune to poison.
Your flesh is cold resistant.
You are immune to negative energy.
You are immune to unholy pain and torment.
You can survive without breathing.


Message History

The puff of flame hits you! The fire burns you terribly!
Your iron imp hits the orc wizard!
Your crimson imp blinks!
Casting: Call Imp
Confirm with . or Enter, or press ? or * to list all spells.
A beastly little devil appears in a puff of flame.
The orc wizard hits you with a dagger.
The orc wizard hits your iron imp but does no damage.
Your iron imp hits the orc wizard.
Your crimson imp blinks!
The orc wizard mumbles some strange words.
The orc wizard flickers and vanishes!
Deactivating autopickup; reactivate with Ctrl-A.
The orc wizard casts a spell at you. The magic dart hits you!
The orc wizard points at you and mumbles some strange words.
The magic dart hits something.
A puff of flame appears from out of thin air!
The puff of flame hits you! The fire burns you terribly!
You die...

≈...≈.≈...# ####.######## #.....#
..≈..≈..≈.# #....#......# #......
.≈.≈.).≈.≈# #.#o.#......# #......
..≈..≈..≈.###.#.........###......
≈...5.≈.).5.o.##.#...............
..≈..≈..≈..#####.#...............
.≈.≈...≈.§.# #.#.###........)..
..≈..≈..≈[.## #.#.###...........
≈...≈.≈.....# #@#.....†)..##....
..≈..≈......####.####..†..)##....
.≈.≈..%###....#..####......##....
.≈.... ###..#......÷...........
##... #..#..#####..÷..###### #[
##.#......###.###
#.#....(.###.###
#####.#......#.((..#
#..5...............#


You could see an orc wizard.

Vanquished Creatures
  A giant gecko (D:2)
  3 bats (D:2)
  7 goblins
  2 hobgoblins (D:2)
  A jackal (D:3)
  5 kobolds
  A giant newt (D:1)
  2 rats
22 creatures vanquished.

Vanquished Creatures (collateral kills)
  Terence (D:3)
  3 adders (D:2)
  8 gnolls (D:3)
  2 oozes (D:2)
  2 worms (D:2)
  2 orcs (D:3)
  2 goblins
  2 hobgoblins
  2 jackals (D:3)
  A quokka (D:2)
  4 bats
  3 giant cockroaches
  3 giant geckos
  4 kobolds
  2 rats (D:2)
41 creatures vanquished.

Grand Total: 63 creatures vanquished

Notes
Turn   | Place    | Note
--------------------------------------------------------------
     0 | D:1      | septik the Mummy Wizard began the quest for the Orb.
     0 | D:1      | Reached XP level 1. HP: 13/13 MP: 4/4
   457 | D:1      | You fall through a shaft!
   473 | D:2      | Reached XP level 2. HP: 14/19 MP: 0/6
   477 | D:2      | Learned a level 2 spell: Call Imp
   876 | D:1      | Reached skill level 1 in Summonings
  1590 | D:2      | Reached XP level 3. HP: 24/24 MP: 0/8
  2005 | D:2      | Found a white marble altar of Elyvilon.
  3205 | D:3      | Reached XP level 4. HP: 30/30 MP: 5/9
  3377 | D:3      | Found a deep blue altar of Sif Muna.
  3390 | D:3      | Became a worshipper of Sif Muna the Loreminder
  3451 | D:3      | Noticed Terence
  3458 | D:3      | Killed Terence
  3553 | D:3      | Killed from afar by an orc wizard

Vault maps used:
D:1:      onia_arrival_mini_maze_b
D:2:      first_bread, elyvilon_altar_1
D:3:      lemuel_crystal_altar, kennysheep_doodads, bloody_makhleb, uniq_terence

Action                   |  1- 3 |  4- 6 || total
-------------------------+-------+-------++-------
Melee: Short sword       |    53 |     2 ||    55
 Cast: Magic Dart        |    25 |       ||    25
       Call Imp          |    83 |    19 ||   102
